 Dungeon Crawl Stone Soup version 0.29-a0-297-g7659ce593d (webtiles) character file.

Game seed: 7706628443880550775

294 Ajdolov the Vandal (level 6, -3/29 (30) HPs)
             Began as a Spriggan Hunter on Mar 21, 2022.
             Slain by a wight
             ... wielding a +2 long sword
              (9 damage)
             ... on level 4 of the Dungeon.
             The game lasted 00:05:27 (3434 turns).

Ajdolov the Vandal (Spriggan Hunter)                Turns: 3434, Time: 00:05:28

HP:   -3/29 (30)    AC:  2    Str:  7    XL:     6   Next: 11%
MP:   7/7           EV: 18    Int: 10    God:
Gold: 110           SH:  0    Dex: 21    Spells: 5/5 levels left

rFire   . . .      SeeInvis +   a - +2 hunting sling
rCold   . . .      Faith    .   (no shield)
rNeg    . . .      Spirit   .   b - +0 robe
rPois   .          Reflect  .   (helmet restricted)
rElec   .          Harm     .   (no cloak)
rCorr   .          Rampage  .   (gloves unavailable)
Will    +....                   (boots unavailable)
Stlth   +++.......              (no amulet)
HPRegen 0.09/turn               (no ring)
MPRegen 0.10/turn               (no ring)

@: lightly drained, very quick
A: very small, no large weapons, unfitting armour, see invisible, speed 3
a: no special abilities


You were on level 4 of the Dungeon.
You visited 1 branch of the dungeon, and saw 4 of its levels.

You collected 110 gold pieces.

Inventory:

Hand Weapons
 a - a +2 hunting sling (weapon)
Armour
 b - a +0 robe (worn)
Wands
 o - a wand of acid (5)
Scrolls
 c - a scroll of immolation
 d - a scroll of noise
 e - 4 scrolls of enchant weapon
 f - 2 scrolls of magic mapping
 g - 3 scrolls of teleportation
 p - a scroll of vulnerability
 q - a scroll of fear
Potions
 h - a potion of resistance {unknown}
 i - a potion of mutation {unknown}
 k - 3 potions of curing {unknown}
 l - 3 potions of degeneration {unknown}
 m - 2 potions of haste {unknown}
 n - a potion of ambrosia {unknown}


   Skills:
 - Level 1.5 Fighting
 * Level 7.8 Slings
 - Level 2.6 Dodging
 + Level 5.5 Stealth


You had 5 spell levels left.
You didn't know any spells.
Your spell library contained the following spells:

 Spells                   Type           Power      Damage    Failure   Level
 Sandblast                Erth           0%         2d4       36%         1
 Passwall                 Tmut/Erth      0%         N/A       50%         2
 Conjure Flame            Conj/Fire      0%         6-21      75%         3
 Ignite Poison            Fire/Tmut/Pois 0%         N/A       75%         3
 Stone Arrow              Conj/Erth      0%         3d7       75%         3
 Cause Fear               Hex            0%         N/A       98%         4
 Sticky Flame             Conj/Fire      0%         2d3       98%         4
 Dragon Form              Tmut           0%         N/A       100%        7
 Dragon's Call            Summ           0%         N/A       100%        9


Dungeon Overview and Level Annotations

Branches:
Dungeon (4/15)
 Temple: D:4-7

Altars:
Vehumet

Shops:
D:1 *   D:2 (


Innate Abilities, Weirdness & Mutations

You are very small and have problems with some larger weapons.
You are too small for most types of armour.
You have supernaturally acute eyesight. (SInv)
You cover ground extremely quickly. (Speed+++)


Message History

You shoot a sling bullet.
The sling bullet hits the wight but does no damage.
The wight is moderately damaged.
You shoot a sling bullet. The sling bullet hits the wight.
The wight is severely damaged.
There is a stone staircase leading up here.
You shoot a sling bullet. The sling bullet hits the wight.
The wight is almost destroyed.
You shoot a sling bullet.
The sling bullet hits the wight but does no damage.
The wight is almost destroyed.
The wight closely misses you.
You shoot a sling bullet.
The sling bullet closely misses the wight.
The wight completely misses you.
You shoot a sling bullet. The sling bullet hits the wight.
You destroy the wight!
You have reached level 6!
You shoot a sling bullet. The sling bullet hits the wight.
The wight is moderately damaged.
You shoot a sling bullet.
The sling bullet hits the wight but does no damage.
The wight is moderately damaged.
You shoot a sling bullet.
The sling bullet closely misses the wight.
You shoot a sling bullet.
The sling bullet hits the wight but does no damage.
The wight is moderately damaged.
The wight misses you.
You shoot a sling bullet. The sling bullet hits the wight.
The wight is heavily damaged.
The wight hits you with a +2 long sword!
You shoot a sling bullet.
The sling bullet hits the wight but does no damage.
The wight is heavily damaged.
The wight hits you with a +2 long sword!
* * * LOW HITPOINT WARNING * * *
You feel drained.
The wight hits you with a +2 long sword!
You die...

########......#
#......#
#......#
#.###### #.#
#.# #.#
#.######
#.zzz@.#
######.# #.#
#.# #.# #.# #.#
#.. ###


You could see 3 wights.

Vanquished Creatures
  A wight (D:4)
  2 orc priests (D:3)
  An orc wizard (D:3)
  4 gnolls (D:3)
  2 adders
  A worm (D:2)
  3 dart slugs
  6 orcs (D:3)
  6 endoplasms
  3 giant cockroaches
  9 goblins
  5 hobgoblins
  9 jackals
  6 kobolds
  3 quokkas
  6 ball pythons
  5 bats
  6 frilled lizards
  8 rats
86 creatures vanquished.

Notes
Turn   | Place    | Note
-------+----------+-------------------------------------------
     0 | D:1      | Ajdolov the Spriggan Hunter began the quest for the Orb.
     0 | D:1      | Reached XP level 1. HP: 10/10 MP: 2/2
    67 | D:1      | Reached skill level 5 in Slings
   399 | D:1      | Reached XP level 2. HP: 14/14 MP: 3/3
   569 | D:1      | Found a faded altar of an unknown god.
   796 | D:1      | Found Jukkaxo's Assorted Antiques.
   841 | D:1      | Reached XP level 3. HP: 18/18 MP: 4/4
  1363 | D:2      | Reached skill level 6 in Slings
  1476 | D:2      | Found a radiant altar of Vehumet.
  1633 | D:2      | Found Loppufa's Weapon Boutique.
  2094 | D:2      | Reached XP level 4. HP: 14/22 MP: 5/5
  2370 | D:3      | Reached XP level 5. HP: 18/25 MP: 6/6
  2483 | D:3      | Reached skill level 7 in Slings
  2780 | D:3      | Reached skill level 5 in Stealth
  3428 | D:4      | Reached XP level 6. HP: 30/30 MP: 7/7
  3434 | D:4      | Slain by a wight

Illustrated notes

Levels and vault maps discovered:
D:1:      minmay_arrival_up_and_down, layout_basic, serial_shops,
          nicolae_shop_stone, shapermc_ecumenical_altar_acropolis
D:2:      minmay_alternating_diamond, layout_loops_ring, serial_shops, shop,
          kennysheep_flooded_box
D:3:      layout_loops_ring, kennysheep_generic_room_9
D:4:      minmay_bubble_buster, layout_basic, kennysheep_generic_room_6

Skill      XL: |  1  2  3  4  5 |
---------------+----------------+-----
Slings         | 5 6 7 |  7.8
Stealth        | 2 3 4 5 |  5.5
Fighting       | |  1.5
Dodging        | |  2.6

Action                   |  1- 3 |  4- 6 || total
-------------------------+-------+-------++-------
 Fire: Hunting sling     |   151 |   129 ||   280
Evoke: Wand              |       |     1 ||     1
  Use: Scroll            |       |     6 ||     6
Armor: Robe              |     2 |     8 ||    10
Dodge: Dodged            |    51 |    43 ||    94

Table legend: (Time is in decaauts)
 A = Elapsed time spent in this place.
 B = Non-inter-level travel time spent in this place.
 C = Inter-level travel time spent in this place.
 D = Time resting spent in this place.
 E = Time spent auto-exploring this place.
 F = Levels seen in this place.
 G = Mean time per level.
                   A        B        C        D        E       F      G
               +--------+--------+--------+--------+--------+-----+--------+
         Total |   2685 |   2614 |     71 |    314 |   1709 |   4 |  671.2 |
       Dungeon |   2685 |   2614 |     71 |    314 |   1709 |   4 |  671.2 |
               +--------+--------+--------+--------+--------+-----+--------+

Top non-repeatable levels by time:
     D:3: 963 daAuts
     D:2: 868 daAuts
     D:1: 800 daAuts
     D:4: 53 daAuts
